 Dungeon Crawl Stone Soup version 0.24-a0-375-g4de66ed42b (webtiles) character file.

Game seed: 4966711592829544453

46 HAL9000 the Sneak (level 3, 0/18 HPs)
             Began as a Vine Stalker Assassin on May 31, 2019.
             Slain by an orc
             ... wielding a +0 dagger
              (1 damage)
             ... on level 4 of the Dungeon.
             The game lasted 00:01:39 (1248 turns).

HAL9000 the Sneak (Vine Stalker Assassin)           Turns: 1248, Time: 00:01:40

Health: 0/18       AC:  3    Str: 14    XL:     3   Next: 68%
Magic:  0/4        EV: 11    Int: 15    God:
Gold:   63         SH:  1    Dex: 15    Spells: 2/2 levels left

rFire    . . .     SeeInvis .   a - +2 dagger
rCold    . . .     Gourm    .   i - -2 buckler (curse)
rNeg     . . .     Faith    .   b - +0 robe
rPois    .         Spirit   +   (no helmet)
rElec    .         Reflect  .   c - +0 cloak
rCorr    .         Harm     .   (no gloves)
MR       .....                  (no boots)
Stlth    +++.......             (no amulet)
HPRegen  0.06/turn              j - +4 ring of intelligence
MPRegen  0.09/turn              (no ring)

@: no status effects
A: fangs 2, magic shield, antimagic bite, no potion heal 3, rot immunity
a: no special abilities


You were on level 4 of the Dungeon.
You were not hungry.

You visited 1 branch of the dungeon, and saw 3 of its levels.

You collected 63 gold pieces.

Inventory:

Hand Weapons
 a - a +2 dagger (weapon)
Missiles
 d - 8 poisoned darts (quivered)
 e - 2 curare-tipped darts
 l - 7 atropa-tipped darts
Armour
 b - a +0 robe (worn)
 c - a +0 cloak (worn)
 i - a cursed -2 buckler (worn)
Jewellery
 j - a +4 ring of intelligence (left hand)
Scrolls
 g - 2 scrolls of identify
 m - a scroll of remove curse {unknown}
Potions
 k - a potion of haste {unknown}
 n - a potion of heal wounds {unknown}
 o - a potion of flight {unknown}
Comestibles
 f - 5 rations
 p - a chunk of flesh


   Skills:
 - Level 1.7 Fighting
 + Level 3.5 Short Blades
 - Level 1.7 Throwing
 - Level 0.7 Dodging
 - Level 4.8 Stealth


You had 2 spell levels left.
You didn't know any spells.
Your spell library was empty.

Dungeon Overview and Level Annotations

Branches:
Dungeon (2/15)

Altars:


Innate Abilities, Weirdness & Mutations

You have extremely sharp teeth.
When hurt, damage is shared between your health and your magic reserves.
Your bite disrupts and absorbs the magic of your enemies.
Potions cannot restore your health.
You are immune to rotting.


Message History

The giant cockroach closely misses you.
You hit the giant cockroach but do no damage.
The giant cockroach is heavily wounded.
The giant cockroach closely misses you.
You hit the giant cockroach but do no damage.
You bite the giant cockroach, but do no damage.
The giant cockroach is heavily wounded.
The giant cockroach bites you but does no damage.
You closely miss the giant cockroach.
The giant cockroach is heavily wounded.
The giant cockroach closely misses you.
You hit the giant cockroach.
You kill the giant cockroach!
You closely miss the orc. The orc hits you with a +0 dagger.
You hit the orc but do no damage. The orc hits you with a +0 dagger.
* * * LOW HITPOINT WARNING * * *
You hit the orc. Your bite misses the orc.
The orc is severely wounded.
The orc hits you with a +0 dagger.
You die...

.......#
#.#.#.####.#
.....†.#
###...#......##
.......#
#.....#.....?..
.......#
#.#.....?...###
.......#
#s#o.###....#
.......#
#.#..#....###
.......#
#s#....##.#
########
#.##oo.# .#
#..@#.## .#
###.#.# .#
#...# ......
#######


You could see 2 orcs.

Vanquished Creatures
  2 adders
  An orc (D:4)
  3 giant cockroaches
  5 goblins
  5 hobgoblins
  A quokka (D:4)
  2 frilled lizards (D:2)
  4 kobolds (D:1)
  4 rats
27 creatures vanquished.

Notes
Turn   | Place    | Note
-------+----------+-------------------------------------------
     0 | D:1      | HAL9000 the Vine Stalker Assassin began the quest for the
                  | Orb.
     0 | D:1      | Reached XP level 1. HP: 11/11 MP: 2/2
   317 | D:1      | Reached XP level 2. HP: 14/15 MP: 3/3
  1103 | D:2      | Reached XP level 3. HP: 10/18 MP: 2/4
  1136 | D:2      | You fall into a shaft and drop 2 floors!
  1248 | D:4      | Slain by an orc

Levels and vault maps discovered:
D:1:      lightli_arrival_quake, layout_basic
D:2:      layout_loops_ring, marbit_many_paths, uniq_sigmund, uniq_natasha
D:4:      layout_basic, lemuel_round_altar, minmay_temple_entry_stoned_glass,
          kennysheep_generic_room_12, uniq_menkaure

Skill      XL: |  1  2 |
---------------+-------+-----
Short Blades   | 2 3 |  3.5
Fighting       | |  1.7
Throwing       | |  1.7
Dodging        | |  0.7
Stealth        | |  4.8

Action                   || total
-------------------------++-------
Melee: Dagger            ||    89
       Bite              ||    14
  Use: Scroll            ||     1
       Potion            ||     1
 Stab: Sleeping          ||     8
  Eat: Chunk             ||     1
Armor: Robe              ||    10
Dodge: Dodged            ||    64
Block: Buckler           ||     4

Table legend:
 A = Non-vault XP
 B = Vault XP
 C = Vault XP percentage of total XP
 D = Non-vault monster count
 E = Vault monster count
 F = Vault count percentage of total count
                 A         B        C        D         E       F
            +---------+---------+-------+---------+---------+-------
      Total |      53 |      14 |  20.9 |      26 |       1 |   3.7
            +---------+---------+-------+---------+---------+-------
        D:1 |      21 |       0 |   0.0 |      14 |       0 |   0.0
        D:2 |      25 |       0 |   0.0 |       9 |       0 |   0.0
        D:4 |       7 |      14 |  66.7 |       3 |       1 |  25.0
            +---------+---------+-------+---------+---------+-------
